 Dungeon Crawl Stone Soup version 0.17-a0-1946-gfb768fe (webtiles) character file.

154 HungrySpirit the Ruffian (level 5, -1/40 (41) HPs)
             Began as a Ghoul Warper on Oct 1, 2015.
             Slain by an ogre
             ... wielding a +0 giant club
              (25 damage)
             ... on level 3 of the Dungeon.
             The game lasted 00:04:18 (2715 turns).

HungrySpirit the Ruffian (Ghoul Warper)             Turns: 2715, Time: 00:04:18

HP:   -1/40 (41)    AC:  8    Str: 16    XL:     5   Next: 35%
MP:   6/6           EV:  6    Int:  8    God:
Gold: 155           SH:  0    Dex:  8    Spells: 1 memorised, 6 levels left

rFire  . . .     SeeInvis .       - Unarmed
rCold  + . .     Clarity  .     o - +0 chain mail
rNeg   + + +     SustAt   .     (no shield)
rPois  ∞         Gourm    .     (no helmet)
rElec  .         Spirit   .     (no cloak)
rCorr  .         Warding  .     (no gloves)
rMut   .         Stasis   .     (no boots)
MR     .....                    (no amulet)
Stlth  ..........               (no ring)
                                (no ring)

@: rotting, not resistant to hostile enchantments, extremely unstealthy
A: rotting body, claws 1, carnivore 3, cold resistance 1, negative energy
resistance 3, slow healing 1, torment resistance, unbreathing
a: no special abilities


You were on level 3 of the Dungeon.
You were not hungry.

You visited 1 branch of the dungeon, and saw 3 of its levels.

You collected 155 gold pieces.

Inventory:

Missiles
 d - 5 tomahawks of dispersal (quivered)
 p - a throwing net
 r - 2 tomahawks of returning
Armour
 o - a +0 chain mail (worn)
Jewellery
 u - an uncursed ring of fire {unknown}
Magical devices
 t - a wand of magic darts (30)
 v - a wand of polymorph (3)
Scrolls
 c - a scroll of blinking
 e - a scroll of enchant armour {unknown}
 g - a scroll of remove curse {unknown}
 i - a scroll of random uselessness {unknown}
 m - 9 scrolls of identify {unknown}
 n - 2 scrolls of fear {unknown}
 s - a scroll of teleportation {unknown}
Potions
 a - a potion of agility {unknown}
 f - 2 potions of cure mutation {unknown}
 j - a potion of haste {unknown}
 k - a potion of might {unknown}
 l - 3 potions of heal wounds {unknown}
 q - a potion of invisibility {unknown}
 w - a potion of magic {unknown}
Books
 b - a book of Spatial Translocations

   Spells                             Type                      Level
   a - Apportation                    Translocation                1
   b - Blink                          Translocation                2
   c - Shroud of Golubria             Charms/Translocation         2
   d - Portal Projectile              Translocation                3
   e - Teleport Other                 Translocation                3
   f - Passage of Golubria            Translocation                4
Comestibles
 h - 2 chunks of flesh


   Skills:
 - Level 2.1 Fighting
 - Level 0.8 Throwing
 - Level 0.8 Armour
 - Level 1.7 Dodging
 + Level 5.9 Unarmed Combat
 - Level 1.7 Spellcasting
 - Level 2.6 Translocations


You had 6 spell levels left.
You knew the following spells:

 Your Spells              Type           Power        Failure   Level  Hunger
a - Apportation           Tloc           #.........   99%         1    ##.....


Dungeon Overview and Level Annotations

Branches:
Dungeon (3/15)

Altars:


Innate Abilities, Weirdness & Mutations

Your body is rotting away.
You thrive on raw meat.
You are immune to poison.
You have sharp fingernails.
You are carnivorous and can eat meat at any time.
Your flesh is cold resistant.
You are immune to negative energy.
You heal slowly when monsters are visible.
You are immune to unholy pain and torment.
You can survive without breathing.


Message History

You feel your flesh rotting away.
Some of the chunks of flesh in your inventory have rotted away.
An ogre comes into view. It is wielding a giant club.
The ogre shouts!
The ogre moves out of view.
An ogre is nearby!
An ogre is nearby!
An ogre is nearby!
Drink which item? (? for menu, Esc to quit)
Okay, then.
Read which item? (? for menu, Esc to quit)
Okay, then.
The ogre hits you but does no damage. The ogre hits you with a giant club!
You barely miss the ogre. You scratch the ogre.
The ogre is lightly wounded.
The ogre hits you with a giant club!!
Ouch! That really hurt!
You die...

###.#.#######.#
#.# #
##..........#
#÷#
##.........#
#.# #
##.########.#
#.# ###.## #.#
#.# .#.## #.#
#.# ....# #.#
#.#### ..#.#
#.#### #....#
###.# #...@#
####.# #.#
####O# #.# #.#
#... #.# #.#
##### ###.# #.#
#...# #.# #.###
#.# #.# #.# #.#
#.# #.#


You could see an ogre.

Vanquished Creatures
  Jessica (D:2)
  5 adders
  2 worms (D:3)
  2 giant geckos (D:2)
  3 orcs (D:3)
  4 ball pythons
  8 goblins
  7 hobgoblins
  4 jackals (D:2)
  4 quokkas
  5 bats
  5 giant cockroaches
  4 giant newts
  8 kobolds
  10 rats
72 creatures vanquished.

Notes
Turn   | Place    | Note
--------------------------------------------------------------
     0 | D:1      | HungrySpirit the Ghoul Warper began the quest for the Orb.
     0 | D:1      | Reached XP level 1. HP: 17/17 MP: 2/2
   395 | D:1      | Reached XP level 2. HP: 24/24 MP: 3/3
   448 | D:1      | Reached skill level 3 in Unarmed Combat
  1141 | D:2      | Reached XP level 3. HP: 22/29 MP: 4/4
  1270 | D:2      | Reached skill level 4 in Unarmed Combat
  1578 | D:2      | Noticed Jessica
  1586 | D:2      | Killed Jessica
  1586 | D:2      | Reached XP level 4. HP: 32/36 MP: 5/5
  1641 | D:2      | Reached skill level 5 in Unarmed Combat
  2256 | D:3      | Reached XP level 5. HP: 41/41 MP: 6/6
  2710 | D:3      | Noticed an ogre
  2715 | D:3      | Slain by an ogre

Vault maps used:
D:1:      roderic_crossed_star
D:2:      first_bread, uniq_jessica
D:3:      guppyfry_early_orc_mine

Action                   |  1- 3 |  4- 6 || total
-------------------------+-------+-------++-------
Melee: Unarmed           |   171 |   141 ||   312
Evoke: Wand              |       |     1 ||     1
  Eat: Chunk             |    14 |     7 ||    21
       Meat ration       |       |     1 ||     1
